 Dungeon Crawl Stone Soup version 0.29-a0-271-gd4eb659eea (webtiles) character file.

Game seed: 12339913741766994118

1218 frimble the Skirmisher (level 8, -9/61 HPs)
             Began as a Djinni Cinder Acolyte on Mar 8, 2022.
             Was a High Priest of Ignis.
             Mangled by an ice beast (15 damage)
             ... on level 5 of the Dungeon.
             The game lasted 00:06:09 (5309 turns).

frimble the Skirmisher (Djinni Cinder Acolyte)      Turns: 5309, Time: 00:06:10

Health: -9/61      AC:  8    Str: 19    XL:     8   Next: 75%
Gold:   118        EV:  9    Int: 20    God:    Ignis [*****.] SH:  0 Dex:  9

rFire   + + +      SeeInvis .   o - +8 mace of Fimbulwinter {vorpal, rF+ Will- rCorr Int+2}
rCold   x . .      Faith    .   (no shield)
rNeg    . . .      Spirit   .   s - +1 scale mail {rPois}
rPois   ∞          Reflect  .   b - +0 helmet
rElec   .          Harm     .   (no cloak)
rCorr   +          Rampage  .   (no gloves)
Will    +++..                   (boots unavailable)
Stlth   ..........              (no amulet)
HPRegen 0.20/turn               d - ring of willpower
MPRegen 0.00/turn               g - ring of Niqapagh {Will+++ Str+6}

@: flying
A: sickness immunity, fire resistance 2, cold vulnerability 1, float, innate
caster, HP casting, extra vitality 1
a: Renounce Religion, Fiery Armour, Foxfire Swarm, Rising Flame


You were on level 5 of the Dungeon.
You worshipped Ignis.
Ignis was extremely pleased with you.
You visited 1 branch of the dungeon, and saw 5 of its levels.

You collected 118 gold pieces.

Inventory:

Hand Weapons
 f - a +1 dagger
 o - the +8 mace of Fimbulwinter (weapon) {vorpal, rF+ Will- rCorr Int+2}
   (You found it on level 3 of the Dungeon)

   It inflicts extra damage upon your enemies.
   Int:       It affects your intelligence (+2).
   rF:        It protects you from fire.
   rCorr:     It protects you from acid and corrosion.
   Will:      It decreases your willpower.
Missiles
 m - 4 curare-tipped darts (quivered)
Armour
 b - a +0 helmet (worn)
 s - a +1 scale mail of poison resistance (worn)
Jewellery
 d - a ring of willpower (left hand)
 g - the ring of Niqapagh (right hand) {Will+++ Str+6}
   (You found it on level 2 of the Dungeon)

   [ring of strength]

   Str:       It affects your strength (+6).
   Will:      It greatly increases your willpower.
 i - a ring of fire
Wands
 k - a wand of polymorph (7)
 u - a wand of paralysis (13)
Scrolls
 l - a scroll of fear
 p - a scroll of enchant weapon
 v - a scroll of identify
Potions
 a - 2 potions of berserk rage
 c - 2 potions of curing
 e - 2 potions of ambrosia
 h - a potion of lignification
 j - a potion of haste {unknown}
 n - 2 potions of mutation
 q - a potion of cancellation
 r - a potion of degeneration {unknown}
 t - a potion of resistance {unknown}


   Skills:
 + Level 5.9 Fighting
 - Level 0.8 Short Blades
 + Level 3.7 Maces & Flails
 + Level 1.1 Armour
 + Level 1.2 Dodging
 - Level 3.2 Unarmed Combat
 + Level 4.6 Spellcasting
 - Level 3.3 Evocations


You had 9 spell levels left.
You knew the following spells:

 Your Spells              Type           Power      Damage    Failure   Level
a - Scorch                Fire           46%        2d7       9%          2
b - Freeze                Ice            92%        1d10      5%          1
c - Poisonous Vapours     Pois/Air       46%        N/A       9%          2
d - Ensorcelled Hibernat  Hex/Ice        46%        N/A       9%          2
Your spell library was empty.

Dungeon Overview and Level Annotations

Branches:
Dungeon (5/15)             Temple (0/1) D:5

Altars:
Ashenzari
Ru
Yredelemnul


Innate Abilities, Weirdness & Mutations

You are immune to sickness and miasma.
You are immune to poison.
Your flesh is very heat resistant. (rF++)
You are vulnerable to cold. (rC-)
You float through the air rather than walking.
You learn spells naturally, not from books.
Your magical power is your life essence.
You have superior vitality. (+4 MHP)


Message History

Aim: an ice beast (56% to hit)
Okay, then.
Aiming: Polymorph
Press: ? - help, Shift-Dir - straight line, f - ice beast
Aim: an ice beast (will become a jelly, a tengu, or a killer bee, chance to affect: 57%)
Okay, then.
Unknown command.
The orc shouts!
The orc closely misses you.
Casting: Poisonous Vapours (safe; 9% risk of failure)
Confirm with . or Enter, or press ? or * to list all spells.
Flames lash the orc.
You kill the orc!
Casting: Scorch (safe; 9% risk of failure)
Confirm with . or Enter, or press ? or * to list all spells.
Flames lash the ice beast.
The ice beast melts!
The ice beast is moderately wounded.
The ice beast's fire resistance burns away.
Casting: Scorch (safe; 9% risk of failure)
Confirm with . or Enter, or press ? or * to list all spells.
Flames lash the ice beast.
The ice beast melts!
The ice beast is severely wounded.
Casting: Scorch (safe; 9% risk of failure)
Confirm with . or Enter, or press ? or * to list all spells.
Flames lash the ice beast.
The ice beast melts!
The ice beast is almost dead.
The ice beast hits you. The ice beast freezes you!
You feel a terrible chill!
Casting: Scorch (safe; 9% risk of failure)
Confirm with . or Enter, or press ? or * to list all spells.
Flames lash the orc.
The orc is severely wounded.
The orc's fire resistance burns away.
The ice beast hits you. The ice beast freezes you!!
You feel a terrible chill!
* * * LOW HITPOINT WARNING * * *
The ice beast attacks as you move away!
The ice beast hits you but does no damage.
You feel better. The ice beast hits you.
* * * LOW HITPOINT WARNING * * *
The ice beast freezes you!
You feel a terrible chill!
You die...

....#....# ..###...###
#.# ##.#..#####
...##......##.###
................#
..............###
#.##......#..##.##
......#...#..#...#
.....#...##....@##
...........###)..Y####
.....##..............#
......##..##....##o).#
......#....###.###...##
....................#.##
..................###..##
...............[..#.....#
....................Y..##


You could see an ice beast (combustible) and an orc (combustible).

Vanquished Creatures
  Pikel (D:5)
  2 yaks
  A black bear (D:5)
  A phantom (D:4)
  A howler monkey (D:5)
  A jelly (D:5)
  A hound (D:4)
  Jessica (D:3)
  2 iguanas (D:5)
  3 orc wizards
  3 adders
  2 dart slugs
  5 orcs
  5 bats
  3 endoplasms
  5 giant cockroaches
  7 goblins
  6 hobgoblins
  4 quokkas
  3 ball pythons
  4 frilled lizards
  4 kobolds
  6 rats
71 creatures vanquished.

Vanquished Creatures (others)
  10 plants (D:5)
10 creatures vanquished.

Grand Total: 81 creatures vanquished

Notes
Turn   | Place    | Note
-------+----------+-------------------------------------------
     0 | D:1      | frimble the Djinni Cinder Acolyte began the quest for the
                  | Orb.
     0 | D:1      | Reached XP level 1. HP: 20/20 MP: 0/0
   291 | D:1      | Reached XP level 2. HP: 25/25 MP: 0/0
  1173 | D:2      | Found a faded altar of an unknown god.
  1197 | D:2      | Reached XP level 3. HP: 26/30 MP: 0/0
  1197 | D:2      | Learned a level 1 spell: Freeze
  1295 | D:2      | Identified the ring of Niqapagh {Will+++ Str+6}
  2573 | D:3      | Identified the +8 mace of Fimbulwinter {vorpal, rF+ Will-
                  | rCorr Int+2}
  2767 | D:3      | Found a faded altar of an unknown god.
  2804 | D:3      | Reached XP level 4. HP: 36/36 MP: 0/0
  3173 | D:3      | Reached skill level 4 in Fighting
  3173 | D:3      | Reached skill level 1 in Maces & Flails
  3173 | D:3      | Reached XP level 5. HP: 19/41 MP: 0/0
  3173 | D:3      | Learned a level 2 spell: Poisonous Vapours
  3353 | D:3      | Found a broken altar of Ashenzari.
  3410 | D:3      | Noticed Jessica
  3447 | D:3      | Killed Jessica
  3497 | D:3      | Found a sacrificial altar of Ru.
  3561 | D:3      | Found a basalt altar of Yredelemnul.
  3892 | D:4      | Noticed a phantom
  3903 | D:4      | Killed a phantom
  3904 | D:4      | Reached XP level 6. HP: 48/48 MP: 0/0
  4413 | D:5      | Entered Level 5 of the Dungeon
  4423 | D:5      | Noticed a yak
  4438 | D:5      | Killed a yak
  4439 | D:5      | Reached skill level 1 in Evocations
  4481 | D:5      | Reached XP level 7. HP: 37/53 MP: 0/0
  4481 | D:5      | Learned a level 2 spell: Ensorcelled Hibernation
  4627 | D:5      | Found a staircase to the Ecumenical Temple.
  4633 | D:5      | Noticed a yak
  4633 | D:5      | Noticed a yak
  4633 | D:5      | Noticed a yak
  4634 | D:5      | Noticed a yak
  4678 | D:4      | HP: 2/53 [yak (11)]
  4690 | D:4      | Killed a yak
  4691 | D:4      | Reached skill level 5 in Fighting
  5101 | D:5      | Noticed a yak
  5101 | D:5      | Noticed a yak
  5163 | D:5      | Noticed Pikel
  5173 | D:5      | Killed Pikel
  5174 | D:5      | Reached XP level 8. HP: 56/61 MP: 0/0
  5264 | D:5      | Reached skill level 1 in Dodging
  5285 | D:5      | Reached skill level 1 in Armour
  5307 | D:5      | HP: 2/61 [ice beast (18)]
  5309 | D:5      | Mangled by an ice beast

Illustrated notes

Levels and vault maps discovered:
D:1:      dpeg_arrival_rooms_a, layout_loops_ring
D:2:      layout_basic, dreamdust_ecumenical_altar_grove
D:3:      layout_loops_ring, mainiacjoe_overflow_alcove_2,
          nicolae_ashenzari_panopticon, nicolae_overflow_ecumenical_swirl,
          minmay_quantized, uniq_jessica
D:4:      layout_loops_corners
D:5:      layout_cave_pools, minmay_temple_entry_gardened_gates,
          gammafunk_ghost_gnarly_gnolls, uniq_blork_the_orc, uniq_grinder,
          uniq_pikel

Skill      XL: |  1  2  3  4  5  6  7  8 |
---------------+-------------------------+-----
Spellcasting   | 3 4 |  4.6
Fighting       | 4 5 |  5.9
Maces & Flails | 1 2 3 |  3.7
Evocations     | 1 3 |  3.3
Dodging        | 1 |  1.2
Armour         | 1 |  1.1
Short Blades   | |  0.8
Unarmed Combat | |  3.2

Action                   |  1- 3 |  4- 6 |  7- 9 || total
-------------------------+-------+-------+-------++-------
Melee: Unarmed           |    34 |       |       ||    34
       Punch             |     1 |       |     2 ||     3
       Dagger            |    72 |       |       ||    72
       Mace              |    14 |    38 |    32 ||    84
Throw: Dart              |       |     1 |     2 ||     3
 Cast: Scorch            |    15 |     2 |     5 ||    22
       Poisonous Vapours |       |     2 |     5 ||     7
  Use: Scroll            |     3 |       |     8 ||    11
       Potion            |       |     1 |     2 ||     3
Armor: Robe              |    44 |     5 |       ||    49
       Scale mail        |       |     2 |    20 ||    22
Dodge: Dodged            |    77 |    12 |    21 ||   110

Table legend: (Time is in decaauts)
 A = Elapsed time spent in this place.
 B = Non-inter-level travel time spent in this place.
 C = Inter-level travel time spent in this place.
 D = Time resting spent in this place.
 E = Time spent auto-exploring this place.
 F = Levels seen in this place.
 G = Mean time per level.
                   A        B        C        D        E       F      G
               +--------+--------+--------+--------+--------+-----+--------+
         Total |   5336 |   5039 |    297 |    206 |   4151 |   5 | 1067.2 |
       Dungeon |   5336 |   5039 |    297 |    206 |   4151 |   5 | 1067.2 |
               +--------+--------+--------+--------+--------+-----+--------+

Top non-repeatable levels by time:
     D:2: 1324 daAuts
     D:4: 1297 daAuts
     D:1: 1168 daAuts
     D:3: 1109 daAuts
     D:5: 435 daAuts
